[Event "WYCC U18 Open 2019"]
[Site "Mumbai"]
[Date "2019.10.06"]
[Round "6.6"]
[White "Wang, Shixu B"]
[Black "Arjun Kalyan"]
[Result "1/2-1/2"]
[ECO "D12"]
[WhiteElo "2370"]
[BlackElo "2483"]
[Annotator "ChessBase"]
[PlyCount "66"]
[EventDate "2019.10.02"]
[EventType "swiss"]
[EventCountry "IND"]
[SourceTitle "playchess.com"]
[Source "ChessBase"]
[SourceQuality "1"]
[TimeControl "40/5400+30:1800+30"]

1. d4 d5 2. c4 c6 3. Nf3 Nf6 4. e3 Bf5 5. Nc3 e6 6. Nh4 Be4 7. f3 Bg6 8. Qb3 Qc7 9. Bd2 Be7 10. cxd5 cxd5 11. Nxg6 hxg6 12. O-O-O Nc6 13. Kb1 a6 14. Rc1 Rc8 15. Bd3 Nd7 16. Ne2 b5 17. a4 bxa4 18. Qxa4 Nb6 19. Qxa6 Ra8 20. Qb5 Kd7 21. Rc3 Na4 22. Rxc6 Qxc6 23. Rc1 Qxb5 24. Bxb5+ Kd8 25. Rc6 Nxb2 26. Kxb2 Rxh2 27. g3 Rf2 28. f4 g5 29. Ra6 Rxa6 30. Bxa6 gxf4 31. exf4 Bd6 32. Kc2 Ke7 33. Bd3 f6 1/2-1/2

[Event "WYCC U18 Open 2019"]
[Site "Mumbai"]
[Date "2019.10.06"]
[Round "6.8"]
[White "Gazik, Viktor"]
[Black "Aditya Mittal"]
[Result "1/2-1/2"]
[ECO "B90"]
[WhiteElo "2546"]
[BlackElo "2430"]
[Annotator "ChessBase"]
[PlyCount "108"]
[EventDate "2019.10.02"]
[EventType "swiss"]
[EventCountry "IND"]
[SourceTitle "playchess.com"]
[Source "ChessBase"]
[SourceQuality "1"]
[TimeControl "40/5400+30:1800+30"]

1. e4 c5 2. Nf3 d6 3. d4 cxd4 4. Nxd4 Nf6 5. Nc3 a6 6. h3 e6 7. g4 d5 8. Nde2 Nc6 9. exd5 Nxd5 10. Bg2 Nxc3 11. Qxd8+ Nxd8 12. Nxc3 Bd7 13. O-O Bc6 14. Ne4 Be7 15. Bf4 O-O 16. Rad1 f5 17. Bd6 Bxd6 18. Nxd6 fxg4 19. hxg4 Rf4 20. f3 Nf7 21. Kh2 Rf8 22. Kg3 g5 23. Nxf7 R8xf7 24. Rd6 Bd5 25. b3 Kf8 26. Rd8+ Ke7 27. Rg8 h6 28. c4 Bc6 29. Rh8 R4f6 30. Rf2 Kd6 31. b4 Kc7 32. a3 e5 33. Re2 Bxf3 34. Rxe5 Bxg2 35. Kxg2 Rf2+ 36. Kg1 R2f4 37. Rc5+ Kd7 38. Rxh6 Rxg4+ 39. Kh2 Rh4+ 40. Rxh4 gxh4 41. b5 axb5 42. cxb5 Rf2+ 43. Kg1 Kd6 44. Rc4 Rb2 45. Rxh4 Rxb5 46. Kf2 Rb3 47. a4 Kc5 48. Ke2 Rb4 49. Rh7 Kb6 50. Kd3 Rxa4 51. Kc3 Ka6 52. Kb3 b5 53. Rh6+ Ka5 54. Rh3 Rg4 1/2-1/2

[Event "WYCC U18 Open 2019"]
[Site "Mumbai"]
[Date "2019.10.06"]
[Round "6.9"]
[White "Zarubitski, Viachaslau"]
[Black "Kozak, Antoni"]
[Result "1-0"]
[ECO "B18"]
[WhiteElo "2435"]
[BlackElo "2354"]
[Annotator "ChessBase"]
[PlyCount "99"]
[EventDate "2019.10.02"]
[EventType "swiss"]
[EventCountry "IND"]
[SourceTitle "playchess.com"]
[Source "ChessBase"]
[SourceQuality "1"]
[TimeControl "40/5400+30:1800+30"]

1. e4 c6 2. d4 d5 3. Nd2 dxe4 4. Nxe4 Bf5 5. Ng3 Bg6 6. Nh3 e6 7. Nf4 Bd6 8. Ngh5 Kf8 9. Be3 Nd7 10. Be2 Ngf6 11. Nxf6 Nxf6 12. Nxg6+ hxg6 13. c3 Nd5 14. Bd2 c5 15. dxc5 Bxc5 16. Bf3 Qb6 17. O-O Rd8 18. Qb3 Ke7 19. Qxb6 Nxb6 20. Rad1 Rd7 21. Bc1 Rhd8 22. Rxd7+ Rxd7 23. Rd1 Rxd1+ 24. Bxd1 Nd7 25. Kf1 e5 26. Bf3 b6 27. Bb7 Ke6 28. Ke2 f5 29. Bc8 Be7 30. b3 Kd6 31. Ba6 e4 32. f3 Bf6 33. Bd2 exf3+ 34. gxf3 Ne5 35. f4 Nd7 36. b4 Nf8 37. a4 Ne6 38. Bc8 Nd8 39. Kd3 Kc7 40. Ba6 Nf7 41. Bc4 Nd6 42. Bd5 a6 43. Be3 b5 44. a5 Nc8 45. Bg2 Ne7 46. Bb6+ Kd6 47. Bb7 Nd5 48. Bc5+ Ke6 49. Bc8+ Kf7 50. Bxa6 1-0

[Event "WYCC U18 Open 2019"]
[Site "Mumbai"]
[Date "2019.10.06"]
[Round "6.11"]
[White "Srijit Paul"]
[Black "Pultinevicius, Paulius"]
[Result "1/2-1/2"]
[ECO "B12"]
[WhiteElo "2317"]
[BlackElo "2503"]
[Annotator "ChessBase"]
[PlyCount "140"]
[EventDate "2019.10.02"]
[EventType "swiss"]
[EventCountry "IND"]
[SourceTitle "playchess.com"]
[Source "ChessBase"]
[SourceQuality "1"]
[TimeControl "40/5400+30:1800+30"]

1. e4 c6 2. d4 d5 3. e5 Bf5 4. Nd2 e6 5. Nb3 Nd7 6. Nf3 Bg6 7. Be2 Nh6 8. O-O Nf5 9. a4 Be7 10. a5 a6 11. c4 dxc4 12. Bxc4 O-O 13. g4 Nh6 14. h3 c5 15. Be3 Be4 16. Nfd2 Bc6 17. f4 b5 18. axb6 cxd4 19. Nxd4 Bb7 20. Qe2 Bc5 21. N2b3 Bxb6 22. g5 Nf5 23. Nxf5 exf5 24. Rfd1 Qc7 25. Rac1 Nxe5 26. Bd5 Nc6 27. Qf2 Bxe3 28. Qxe3 Rfe8 29. Qf2 Rad8 30. Nc5 Ba8 31. Nxa6 Qa5 32. Nc5 Qb5 33. Bf3 Rd4 34. Re1 Red8 35. Qe3 g6 36. Ne6 Rd3 37. Qc5 Qxc5+ 38. Rxc5 Nd4 39. Nxd4 R3xd4 40. Bxa8 Rxa8 41. Rf1 Raa4 42. b3 Ra2 43. Rc3 Rdd2 44. Rg3 Rab2 45. Rc1 h5 46. Rf3 h4 47. Re1 Kf8 48. Kf1 Rg2 49. Ree3 Rh2 50. Kg1 Rhc2 51. Re1 Rc6 52. Kf1 Rb6 53. Ree3 Ra6 54. Re2 Ra1+ 55. Kf2 Rbb1 56. Ree3 Rb2+ 57. Re2 Rab1 58. Rxb2 Rxb2+ 59. Ke1 Ke7 60. Rd3 f6 61. gxf6+ Kxf6 62. Rc3 Ke6 63. Rd3 Kf7 64. Kf1 g5 65. fxg5 Kg6 66. Rd4 Kxg5 67. b4 f4 68. Rd5+ Kf6 69. Rh5 Rxb4 70. Kf2 Rb2+ 1/2-1/2

[Event "WYCC U18 Open 2019"]
[Site "Mumbai"]
[Date "2019.10.06"]
[Round "6.12"]
[White "Blohberger, Felix"]
[Black "Stijve, Theo"]
[Result "1-0"]
[ECO "B48"]
[WhiteElo "2448"]
[BlackElo "2293"]
[Annotator "ChessBase"]
[PlyCount "119"]
[EventDate "2019.10.02"]
[EventType "swiss"]
[EventCountry "IND"]
[SourceTitle "playchess.com"]
[Source "ChessBase"]
[SourceQuality "1"]
[TimeControl "40/5400+30:1800+30"]

1. e4 c5 2. Nf3 e6 3. d4 cxd4 4. Nxd4 Nc6 5. Nc3 Qc7 6. Be3 a6 7. a3 b5 8. Nxc6 Qxc6 9. Be2 Bb7 10. O-O Rc8 11. Qd2 Nf6 12. Rfd1 b4 13. axb4 Bxb4 14. f3 Bxc3 15. bxc3 Qxc3 16. Rab1 Qxd2 17. Rxd2 Bc6 18. Bxa6 Ra8 19. Bc5 Bxe4 20. Bd6 Bc6 21. c4 Ng8 22. Rdb2 f5 23. Rb8+ Kf7 24. Rxa8 Bxa8 25. Rb8 Bc6 26. Bb5 h5 27. Bxc6 dxc6 28. Kf2 g5 29. Ke3 Rh6 30. Rf8+ Kg7 31. Rc8 Kf7 32. Rc7+ Ke8 33. Kd4 Nf6 34. Kc5 e5 35. Kxc6 e4 36. Re7+ Kd8 37. Ra7 Ke8 38. Re7+ Kd8 39. fxe4 fxe4 40. Ra7 Ke8 41. Re7+ Kd8 42. Rf7 e3 43. Ra7 Ke8 44. Re7+ Kd8 45. c5 h4 46. Rxe3 h3 47. gxh3 g4 48. Be7+ Kc8 49. Re6 Ng8 50. Rxh6 Nxh6 51. hxg4 Nxg4 52. h4 Ne5+ 53. Kd6 Nf3 54. h5 Nd4 55. Ke5 Nc6+ 56. Kf6 Kd7 57. Bd6 Nd8 58. h6 Ke8 59. h7 Nf7 60. Kg7 1-0

[Event "WYCC U18 Open 2019"]
[Site "Mumbai"]
[Date "2019.10.06"]
[Round "6.13"]
[White "Mendonca, Leon Luke"]
[Black "Vatsal Singhania"]
[Result "1/2-1/2"]
[ECO "E49"]
[WhiteElo "2388"]
[BlackElo "2157"]
[Annotator "ChessBase"]
[PlyCount "119"]
[EventDate "2019.10.02"]
[EventType "swiss"]
[EventCountry "IND"]
[SourceTitle "playchess.com"]
[Source "ChessBase"]
[SourceQuality "1"]
[TimeControl "40/5400+30:1800+30"]

1. d4 Nf6 2. c4 e6 3. Nc3 Bb4 4. e3 O-O 5. Bd3 d5 6. a3 Bxc3+ 7. bxc3 dxc4 8. Bxc4 c5 9. Ne2 b6 10. O-O Ba6 11. Bxa6 Nxa6 12. Qd3 Qc8 13. e4 Qb7 14. f3 h6 15. Be3 Rfd8 16. Qb5 Rac8 17. a4 Ne8 18. Qb3 Nd6 19. Rfc1 cxd4 20. cxd4 Rxc1+ 21. Rxc1 Rc8 22. Rc3 Rxc3 23. Nxc3 Qd7 24. Bf4 Nc7 25. Qb4 Nde8 26. h3 Qc6 27. Nb5 a6 28. Nxc7 Nxc7 29. Qd6 Qxd6 30. Bxd6 Ne8 31. Ba3 f5 32. Kf2 fxe4 33. fxe4 Nf6 34. Ke3 Kf7 35. Kf4 Nd7 36. d5 exd5 37. exd5 g6 38. Ke4 h5 39. Kd4 Kf6 40. Bd6 Kf5 41. Be7 g5 42. Bd8 g4 43. h4 b5 44. a5 b4 45. Kc4 Ke4 46. d6 Ne5+ 47. Kb3 Kd5 48. Be7 Kc6 49. g3 Kb5 50. Bd8 Nd7 51. Bc7 Nc5+ 52. Kc2 Kc6 53. Kb2 Ne4 54. Bb8 Kd7 55. Kb3 Nxg3 56. Kxb4 Nf5 57. Kc3 Nxh4 58. Kd3 Nf5 59. Ke4 h4 60. Ba7 1/2-1/2

[Event "WYCC U18 Open 2019"]
[Site "Mumbai"]
[Date "2019.10.06"]
[Round "6.14"]
[White "Donoso Diaz, Sebastian"]
[Black "Bykov, Oleg"]
[Result "1/2-1/2"]
[ECO "E10"]
[WhiteElo "2203"]
[BlackElo "2370"]
[Annotator "ChessBase"]
[PlyCount "99"]
[EventDate "2019.10.02"]
[EventType "swiss"]
[EventCountry "IND"]
[SourceTitle "playchess.com"]
[Source "ChessBase"]
[SourceQuality "1"]
[TimeControl "40/5400+30:1800+30"]

1. d4 Nf6 2. c4 e6 3. Nf3 d5 4. g3 Bb4+ 5. Bd2 Be7 6. Bg2 O-O 7. O-O c6 8. Qb3 b6 9. Nc3 Ba6 10. cxd5 cxd5 11. Ne5 Bb7 12. Rfc1 Nc6 13. Nxc6 Bxc6 14. a4 Qd7 15. a5 bxa5 16. Rxa5 Rfb8 17. Qc2 Bb4 18. Ra2 Rc8 19. e3 a5 20. Bf1 g6 21. Bd3 e5 22. dxe5 Ng4 23. Ne2 d4 24. Bxb4 Qd5 25. Be4 Qxa2 26. Nxd4 Nxe5 27. Nxc6 Nxc6 28. Bc3 Nb4 29. Qd1 Rd8 30. Qf3 Ra6 31. Rd1 Rf8 32. Bd5 Nxd5 33. Rxd5 Qc4 34. h4 a4 35. Rd4 Qb3 36. Rb4 Qc2 37. Rc4 Qd3 38. Rxa4 Rd6 39. Kh2 Qf1 40. Rd4 Rxd4 41. Bxd4 Qa6 42. Qf4 f6 43. b4 Qb7 44. Qd6 Qf3 45. Qe6+ Rf7 46. e4 g5 47. hxg5 fxg5 48. Qe5 Qh5+ 49. Kg2 Qf3+ 50. Kh2 1/2-1/2

[Event "WYCC U18 Open 2019"]
[Site "Mumbai"]
[Date "2019.10.06"]
[Round "6.15"]
[White "Stoleriu, George"]
[Black "Beukema, Jasper"]
[Result "1-0"]
[ECO "C60"]
[WhiteElo "2351"]
[BlackElo "2265"]
[Annotator "ChessBase"]
[PlyCount "75"]
[EventDate "2019.10.02"]
[EventType "swiss"]
[EventCountry "IND"]
[SourceTitle "playchess.com"]
[Source "ChessBase"]
[SourceQuality "1"]
[TimeControl "40/5400+30:1800+30"]

1. e4 e5 2. Nf3 Nc6 3. Bb5 g6 4. c3 a6 5. Ba4 Bg7 6. d4 exd4 7. cxd4 b5 8. Bc2 d6 9. d5 Na5 10. O-O Nc4 11. Nc3 Nf6 12. h3 O-O 13. Rb1 Bb7 14. b3 Nb6 15. Ne2 c6 16. dxc6 Bxc6 17. Ng3 d5 18. e5 Ne4 19. Bb2 Nxg3 20. fxg3 Nd7 21. Qd2 Qe7 22. Rbe1 Nc5 23. Nd4 Bb7 24. Ba3 Rfc8 25. Qf4 Qd7 26. Bf5 Ne6 27. Qg4 gxf5 28. Nxf5 Kh8 29. Nd6 Rf8 30. Rf5 d4 31. Rh5 Qc6 32. Nxb7 Qxb7 33. Qf5 h6 34. Bc1 Kg8 35. Bxh6 Bxh6 36. Rxh6 Rfc8 37. Qh7+ Kf8 38. Rxe6 1-0

[Event "WYCC U18 Open 2019"]
[Site "Mumbai"]
[Date "2019.10.06"]
[Round "6.16"]
[White "Sibi Visal R"]
[Black "Garidmagnai, Byambasuren"]
[Result "1-0"]
[ECO "A16"]
[WhiteElo "2064"]
[BlackElo "2327"]
[Annotator "NA"]
[PlyCount "119"]
[EventDate "2019.10.02"]
[EventType "swiss"]
[EventCountry "IND"]
[SourceTitle "playchess.com"]
[Source "ChessBase"]
[SourceQuality "1"]
[TimeControl "40/5400+30:1800+30"]

1. c4 Nf6 2. Nc3 g6 3. g3 Bg7 4. Bg2 O-O 5. Nf3 d6 6. O-O e5 7. d3 h6 8. Rb1 Nc6 9. b4 Be6 10. b5 Ne7 11. Qc2 Qd7 {[%emt 0:01:23] A26: English Opening vs King's Indian with ...Nc6 and d3} (11... Nd7 12. Nd2 Rb8 13. Ba3 f5 14. Nd5 Bxd5 15. cxd5 b6 16. Rfc1 Nc5 17. e3 g5 18. Rb4 f4 19. d4 fxe3 20. fxe3 exd4 21. exd4 {1-0 (38) Kanarek,M (2484)-Koksal,E (2200) Golden Sands 2012}) 12. a4 Bh3 13. Ba3 $146 ({Predecessor:} 13. Re1 Bxg2 14. Kxg2 Nh5 15. Nd5 f5 16. Nxe7+ Qxe7 17. e4 f4 18. h3 Qe6 19. Qd1 {0-1 (44) Horvath,J (2087)-Balla,T (2194) Hungary 2004}) 13... g5 14. Rfc1 Bxg2 15. Kxg2 Ng6 16. Nd5 Nh5 17. Nc3 b6 18. Qd1 f5 19. Nd2 Kh7 20. Kg1 g4 (20... e4 $5 21. Nd5 (21. dxe4 f4 $11) 21... exd3 $11) 21. Qf1 Rf7 22. Qg2 Raf8 23. Bb2 e4 24. Nd5 exd3 25. exd3 Ne5 26. Bxe5 dxe5 27. Re1 Nf6 28. Rxe5 Ne4 29. Rxe4 fxe4 30. Qxe4+ $14 Qf5 31. Kg2 Qxe4+ 32. Nxe4 Rf3 33. Rd1 R8f7 34. Ne3 Bd4 35. Nxg4 Kg6 36. h4 h5 37. Nh2 Rxf2+ 38. Nxf2 Rxf2+ 39. Kh3 Be5 40. Re1 Bd6 41. Re6+ Kg7 42. Re3 Ra2 43. Nf3 Rxa4 44. g4 hxg4+ 45. Kxg4 a5 46. bxa6 b5 47. a7 bxc4 48. a8=Q Rxa8 49. dxc4 Kf6 50. Ng5 Ra4 51. Re6+ Kg7 52. Re4 Ra5 53. h5 Re5 54. c5 Rxe4+ 55. Nxe4 Bh2 56. Kg5 c6 57. h6+ Kf7 58. Kf5 Bg1 59. Ng5+ Ke7 60. Nf3 1-0

[Event "WYCC U18 Open 2019"]
[Site "Mumbai"]
[Date "2019.10.07"]
[Round "7.3"]
[White "Arjun Kalyan"]
[Black "Stoleriu, George"]
[Result "0-1"]
[ECO "C17"]
[WhiteElo "2483"]
[BlackElo "2351"]
[Annotator "ChessBase"]
[PlyCount "90"]
[EventDate "2019.10.02"]
[EventType "swiss"]
[EventCountry "IND"]
[SourceTitle "playchess.com"]
[Source "ChessBase"]
[SourceQuality "1"]
[TimeControl "40/5400+30:1800+30"]

1. e4 e6 2. d4 d5 3. Nc3 Bb4 4. e5 c5 5. a3 Ba5 6. Qg4 Ne7 7. Qxg7 Rg8 8. Qxh7 cxd4 9. b4 Bc7 10. Nb5 Bxe5 11. Nf3 Rh8 12. Qd3 f6 13. Bb2 a6 14. Nbxd4 Bd6 15. Qb3 e5 16. Ne2 a5 17. Nc3 axb4 18. Nb5 Nbc6 19. Nxd6+ Qxd6 20. axb4 Rxa1+ 21. Bxa1 Nxb4 22. Bb5+ Kf7 23. c3 Na6 24. Bb2 Nc5 25. Ba3 b6 26. Nd2 e4 27. Nf1 Be6 28. Qb2 Nf5 29. Ne3 Nxe3 30. fxe3 Rxh2 31. Rxh2 Qxh2 32. Bxc5 bxc5 33. Be2 Qg1+ 34. Kd2 Qxg2 35. Qb7+ Kg6 36. Qe7 Bg4 37. Qe8+ Kg5 38. Qg8+ Kh4 39. Qh7+ Kg3 40. Qc7+ Kf2 41. Qf4+ Bf3 42. Qh4+ Qg3 43. Qxf6 Kg2 44. Qh6 c4 45. Qb6 Qg4 0-1

[Event "WYCC U18 Open 2019"]
[Site "Mumbai"]
[Date "2019.10.07"]
[Round "7.4"]
[White "Mitrabha, Guha"]
[Black "Buckels, Valentin"]
[Result "1-0"]
[ECO "A13"]
[WhiteElo "2434"]
[BlackElo "2442"]
[Annotator "ChessBase"]
[PlyCount "77"]
[EventDate "2019.10.02"]
[EventType "swiss"]
[EventCountry "IND"]
[SourceTitle "playchess.com"]
[Source "ChessBase"]
[SourceQuality "1"]
[TimeControl "40/5400+30:1800+30"]

1. Nf3 Nf6 2. g3 d5 3. Bg2 e6 4. c4 dxc4 5. Qa4+ c6 6. Qxc4 b5 7. Qc2 Bb7 8. a4 a6 9. d4 Nbd7 10. O-O c5 11. axb5 axb5 12. Rxa8 Qxa8 13. Na3 b4 14. Nc4 Be4 15. Qd1 cxd4 16. Bf4 Qa6 17. Qa1 Qxc4 18. Rc1 Qd5 19. Rc8+ Ke7 20. Qa4 Qb7 21. Rc7 Qb6 22. Nd2 Bxg2 23. Nc4 Qxc7 24. Bxc7 Bd5 25. Nd6 Ne8 26. Nxe8 Kxe8 27. Qa6 e5 28. Qc8+ Ke7 29. Qd8+ Ke6 30. Qe8+ Kf5 31. Qxd7+ Be6 32. Qb5 Be7 33. Qxe5+ Kg6 34. Qe4+ Kh6 35. h4 Rc8 36. Bf4+ g5 37. Bxg5+ Bxg5 38. hxg5+ Kxg5 39. f4+ 1-0

[Event "WYCC U18 Open 2019"]
[Site "Mumbai"]
[Date "2019.10.07"]
[Round "7.6"]
[White "Davtyan, Artur"]
[Black "Wang, Shixu B"]
[Result "1/2-1/2"]
[ECO "E10"]
[WhiteElo "2418"]
[BlackElo "2370"]
[Annotator "ChessBase"]
[PlyCount "63"]
[EventDate "2019.10.02"]
[EventType "swiss"]
[EventCountry "IND"]
[SourceTitle "playchess.com"]
[Source "ChessBase"]
[SourceQuality "1"]
[TimeControl "40/5400+30:1800+30"]

1. d4 Nf6 2. c4 e6 3. Nf3 d5 4. g3 Bb4+ 5. Bd2 Be7 6. Bg2 O-O 7. O-O Nbd7 8. Qc2 c6 9. Rd1 b6 10. Bf4 Bb7 11. Nc3 dxc4 12. Nd2 Nd5 13. Nxc4 Nxf4 14. gxf4 Qc7 15. e3 Rfd8 16. Rac1 Rac8 17. Qb1 Nf6 18. Ne5 c5 19. Ne4 Nxe4 20. Bxe4 f5 21. Bxb7 Qxb7 22. dxc5 Rxd1+ 23. Rxd1 Rxc5 24. b4 Rd5 25. b5 Bf6 26. Nc6 Qd7 27. Rxd5 Qxd5 28. Nxa7 h5 29. h3 Qf3 30. Qf1 Qa8 31. Nc6 Qxa2 32. Qd1 1/2-1/2

[Event "WYCC U18 Open 2019"]
[Site "Mumbai"]
[Date "2019.10.07"]
[Round "7.8"]
[White "Aditya Mittal"]
[Black "Zarubitski, Viachaslau"]
[Result "1/2-1/2"]
[ECO "D94"]
[WhiteElo "2430"]
[BlackElo "2435"]
[Annotator "ChessBase"]
[PlyCount "209"]
[EventDate "2019.10.02"]
[EventType "swiss"]
[EventCountry "IND"]
[SourceTitle "playchess.com"]
[Source "ChessBase"]
[SourceQuality "1"]
[TimeControl "40/5400+30:1800+30"]

1. d4 d5 2. c4 c6 3. Nf3 Nf6 4. e3 g6 5. Bd3 Bg7 6. O-O O-O 7. Nc3 Bg4 8. h3 Bxf3 9. Qxf3 Re8 10. Rd1 e6 11. b3 Nbd7 12. Bb2 Qe7 13. Qe2 dxc4 14. Bxc4 e5 15. d5 cxd5 16. Nxd5 Nxd5 17. Bxd5 Nb6 18. e4 Rac8 19. a4 Nxd5 20. Rxd5 Red8 21. Rad1 Rxd5 22. Rxd5 Bf6 23. Qd3 Rc7 24. g3 h5 25. h4 a6 26. Kg2 Kh7 27. Bc3 Qe6 28. Ba5 Rc6 29. Rd7 b6 30. Bd2 Kg7 31. Qd5 Qxd5 32. exd5 Rc2 33. Be3 Rb2 34. Bxb6 Rxb3 35. a5 e4 36. Ra7 Rd3 37. Rxa6 Rxd5 38. Ra8 Rd3 39. Kf1 Bd4 40. Rd8 Bxb6 41. Rd6 Rd4 42. Rxd4 Bxa5 43. Rd5 Bc3 44. Rc5 Bb2 45. Rb5 Bc3 46. Rb7 Kf6 47. Ke2 Ke6 48. Rb6+ Ke5 49. Rb8 Bd4 50. Re8+ Kf5 51. Re7 f6 52. Rb7 Ke5 53. Rc7 Ke6 54. Rc6+ Ke5 55. Ra6 Kf5 56. Ra4 Ke5 57. Rc4 Kd5 58. Rb4 Ke5 59. Ra4 Bb6 60. Ra8 Bd4 61. Kf1 Bb6 62. Kg2 Bd4 63. Ra5+ Ke6 64. Ra4 Ke5 65. Ra2 Kf5 66. Re2 Bc5 67. Kf1 Bd4 68. Ra2 Bb6 69. Ke2 Bd4 70. Ra8 Bb6 71. Rb8 Bd4 72. Rb4 Ba7 73. Rb7 Bd4 74. Rb5+ Ke6 75. Rb4 Ke5 76. f3 exf3+ 77. Kxf3 Bc3 78. Re4+ Kf5 79. Rc4 Be5 80. Rc5 Ke6 81. Ra5 Bc3 82. Ra3 Bb2 83. Rb3 Be5 84. Rb6+ Kf5 85. Rc6 Bb8 86. Rc4 Bd6 87. Ra4 Bc7 88. Rb4 Bd6 89. Rb5+ Be5 90. Ra5 Ke6 91. g4 hxg4+ 92. Kxg4 Kf7 93. Ra6 Kg7 94. Kf3 Kh6 95. Ra7 Bd4 96. Rd7 Be5 97. Rd8 Bb2 98. Kg4 Be5 99. Re8 Bd4 100. Rh8+ Kg7 101. Rd8 Be5 102. Rd1 Kh6 103. Rh1 Bd6 104. Rd1 Be5 105. Rd7 1/2-1/2

[Event "WYCC U18 Open 2019"]
[Site "Mumbai"]
[Date "2019.10.07"]
[Round "7.13"]
[White "Gaurav Rajesh Zagade"]
[Black "Raghunandan, Kaumandur Srihari"]
[Result "1/2-1/2"]
[ECO "A04"]
[WhiteElo "2053"]
[BlackElo "2449"]
[Annotator "ChessBase"]
[PlyCount "158"]
[EventDate "2019.10.02"]
[EventType "swiss"]
[EventCountry "IND"]
[SourceTitle "playchess.com"]
[Source "ChessBase"]
[SourceQuality "1"]
[TimeControl "40/5400+30:1800+30"]

1. Nf3 g6 2. d4 Bg7 3. c4 d6 4. g3 c5 5. Bg2 Nc6 6. d5 Na5 7. Qc2 Nf6 8. Nc3 O-O 9. Nd2 e5 10. O-O Ne8 11. a3 b6 12. b4 Nb7 13. e4 f5 14. exf5 gxf5 15. Bb2 Bd7 16. f4 e4 17. Nd1 Nf6 18. b5 Qe8 19. Ne3 Qg6 20. Rfe1 Kf7 21. Kf2 Rg8 22. a4 a6 23. Bc3 a5 24. Rg1 Ke7 25. Qb2 Raf8 26. Bf1 Qh6 27. Rh1 Nh5 28. Ng2 e3+ 29. Nxe3 Bxc3 30. Qxc3 Nxg3 31. hxg3 Qxh1 32. Nf3 Qh6 33. Nh4 Kd8 34. Be2 Kc7 35. Rh1 Nd8 36. Bf3 Qf6 37. Qxf6 Rxf6 38. Be2 Nf7 39. Bd3 Nh6 40. Bc2 Kd8 41. Re1 Rg7 42. Kf3 Re7 43. Rh1 Ke8 44. Bb1 Kf8 45. Bc2 Kg7 46. Bb1 Re8 47. Bc2 Ref8 48. Bb1 Be8 49. Nhg2 Bg6 50. Bc2 R6f7 51. Bb1 Rf6 52. Bc2 R6f7 53. Bb1 Re8 54. Bc2 Ng4 55. Bd3 h6 56. Rh4 Nxe3 57. Nxe3 Rfe7 58. Ng2 h5 59. Rh1 Kf6 60. Kf2 Kg7 61. Rh4 Kf7 62. Rh1 Kf6 63. Rh4 Kf7 64. Rh1 Kg7 65. Rh4 Kf6 66. Rh1 Bf7 67. Rh4 Rg8 68. Rh3 Be8 69. Ne3 Bg6 70. Ng2 Ree8 71. Rh4 Rg7 72. Ne3 Rge7 73. Ng2 Rg7 74. Ne3 Rge7 75. Ng2 Rg7 76. Ne3 Rge7 77. Ng2 Rg8 78. Ne3 Rge8 79. Ng2 Rg7 1/2-1/2

[Event "WYCC U18 Open 2019"]
[Site "Mumbai"]
[Date "2019.10.07"]
[Round "7.15"]
[White "Bykov, Oleg"]
[Black "Theekshana, H G Denuwan"]
[Result "1-0"]
[ECO "A41"]
[WhiteElo "2370"]
[BlackElo "1886"]
[Annotator "ChessBase"]
[PlyCount "63"]
[EventDate "2019.10.02"]
[EventType "swiss"]
[EventCountry "IND"]
[SourceTitle "playchess.com"]
[Source "ChessBase"]
[SourceQuality "1"]
[TimeControl "40/5400+30:1800+30"]

1. d4 d6 2. Nf3 g6 3. c4 Bg7 4. Nc3 Nd7 5. e4 c5 6. d5 Ngf6 7. Be2 O-O 8. O-O a6 9. Bg5 h6 10. Bf4 g5 11. Bc1 Re8 12. Ne1 e5 13. dxe6 Rxe6 14. f4 Nxe4 15. Nxe4 Rxe4 16. Bd3 Re6 17. fxg5 hxg5 18. Qh5 Nf6 19. Qxg5 b5 20. b3 d5 21. Bb2 bxc4 22. bxc4 Bb7 23. Rb1 d4 24. Qxc5 Ne4 25. Qh5 Qc7 26. Bc1 Rg6 27. Nf3 Re8 28. Ng5 Nf6 29. Rxf6 Bxf6 30. Qh7+ Kf8 31. Ba3+ Re7 32. Qxf7# 1-0

[Event "WYCC U18 Open 2019"]
[Site "Mumbai"]
[Date "2019.10.09"]
[Round "8.1"]
[White "Gholami, Aryan"]
[Black "Mitrabha, Guha"]
[Result "1/2-1/2"]
[ECO "A05"]
[WhiteElo "2554"]
[BlackElo "2434"]
[Annotator "ChessBase"]
[PlyCount "76"]
[EventDate "2019.10.02"]
[EventType "swiss"]
[EventCountry "IND"]
[SourceTitle "playchess.com"]
[Source "ChessBase"]
[SourceQuality "1"]
[TimeControl "40/5400+30:1800+30"]

1. Nf3 Nf6 2. g3 b6 3. Bg2 Bb7 4. O-O c5 5. c4 g6 6. b3 Bg7 7. Bb2 d6 8. d4 cxd4 9. Qxd4 Nbd7 10. Nc3 O-O 11. Nd5 Rc8 12. Rac1 Kh8 13. Ng5 h6 14. Ne4 e5 15. Qd2 Bxd5 16. cxd5 Nxe4 17. Bxe4 Nc5 18. Bg2 a5 19. e4 Rc7 20. f4 Kh7 21. fxe5 Bxe5 22. Bxe5 dxe5 23. Qe2 Kg7 24. Qb5 Qd6 25. a3 Rfc8 26. Bh3 Nd7 27. Rxc7 Rxc7 28. Bxd7 Rxd7 29. Rc1 Qxa3 30. Rc8 Qa1+ 31. Kg2 Qb2+ 32. Kh3 Qf2 33. Qxd7 Qf1+ 34. Kh4 Qf6+ 35. Kh3 Qf1+ 36. Kh4 Qf6+ 37. Kh3 Qf1+ 38. Kh4 Qf6+ 1/2-1/2

[Event "WYCC U18 Open 2019"]
[Site "Mumbai"]
[Date "2019.10.09"]
[Round "8.4"]
[White "Gazik, Viktor"]
[Black "Davtyan, Artur"]
[Result "1/2-1/2"]
[ECO "D31"]
[WhiteElo "2546"]
[BlackElo "2418"]
[Annotator "ChessBase"]
[PlyCount "101"]
[EventDate "2019.10.02"]
[EventType "swiss"]
[EventCountry "IND"]
[SourceTitle "playchess.com"]
[Source "ChessBase"]
[SourceQuality "1"]
[TimeControl "40/5400+30:1800+30"]

1. d4 d5 2. c4 e6 3. Nc3 Be7 4. cxd5 exd5 5. Bf4 c6 6. e3 Bf5 7. Nge2 Nd7 8. h4 Qb6 9. Qd2 h5 10. Ng3 Bg6 11. Bd3 Bxd3 12. Qxd3 g6 13. e4 dxe4 14. Ngxe4 Ngf6 15. Nd6+ Kf8 16. O-O Kg7 17. Qc4 Bxd6 18. Bxd6 Rhe8 19. Rad1 Re6 20. Bg3 Qxb2 21. Rb1 Qc2 22. Rxb7 Rae8 23. Rbb1 Kg8 24. Rbc1 Qf5 25. Qa6 g5 26. Qxa7 Qg4 27. hxg5 h4 28. Bxh4 Qxh4 29. gxf6 Nxf6 30. Qc7 Qxd4 31. Qg3+ Ng4 32. Rcd1 Qg7 33. Rd3 Rg6 34. Qf4 Rf6 35. Qd4 Nxf2 36. Rf3 Rxf3 37. Qxg7+ Kxg7 38. gxf3 Nh3+ 39. Kh2 Nf4 40. Ne4 Ra8 41. Kg3 Ne2+ 42. Kf2 Rxa2 43. Ke3 f5 44. Rf2 f4+ 45. Kd3 Nc1+ 46. Kc4 Rxf2 47. Nxf2 Kf6 48. Nh3 Ke5 49. Nxf4 Kxf4 50. Kc5 Kxf3 51. Kxc6 1/2-1/2

[Event "WYCC U18 Open 2019"]
[Site "Mumbai"]
[Date "2019.10.09"]
[Round "8.5"]
[White "Sydoryka, Vladyslav"]
[Black "Rahul Srivatshav P"]
[Result "1-0"]
[ECO "A15"]
[WhiteElo "2247"]
[BlackElo "2460"]
[Annotator "ChessBase"]
[PlyCount "117"]
[EventDate "2019.10.02"]
[EventType "swiss"]
[EventCountry "IND"]
[SourceTitle "playchess.com"]
[Source "ChessBase"]
[SourceQuality "1"]
[TimeControl "40/5400+30:1800+30"]

1. c4 Nf6 2. g3 g6 3. Bg2 Bg7 4. Nc3 O-O 5. d3 d6 6. Nf3 e5 7. O-O c6 8. Rb1 Re8 9. Ne1 h6 10. e4 a6 11. a4 a5 12. h3 Na6 13. Nc2 Nd7 14. Kh2 Ndc5 15. f4 Nb4 16. Ne1 f5 17. Be3 Qe7 18. Qd2 exf4 19. Bxf4 Kh7 20. Rd1 Bd7 21. exf5 Bxf5 22. d4 Nb3 23. Qf2 h5 24. h4 Bf6 25. d5 Rad8 26. Qb6 Qg7 27. Nf3 Kh8 28. Ng5 Bd4 29. Rxd4 Nxd4 30. Nce4 cxd5 31. Nxd6 Rxd6 32. Qxd6 Nd3 33. Bd2 Ne2 34. Bxd5 Ne5 35. Bxa5 Ng4+ 36. Kh1 Qxb2 37. Bg2 Qb3 38. Be1 Qxc4 39. a5 Kg7 40. Rxf5 gxf5 41. Qd7+ Kf6 42. Qxe8 f4 43. Qf8+ Ke5 44. Qe7+ Kd4 45. Nf3+ Kd3 46. Qd6+ Kc2 47. Qd2+ Kb1 48. Qd1+ Kb2 49. Bf1 Nxg3+ 50. Bxg3 fxg3 51. Bxc4 Nf2+ 52. Kg1 Nxd1 53. Bd5 Nc3 54. Bxb7 Nb5 55. a6 Kc3 56. Kg2 Kd3 57. Kxg3 Ke3 58. Bc6 Na7 59. Be8 1-0